Map: Royal Blood LE

Players

IIIIIIIIIIII

  • Race: Protoss Protoss
  • League: Master

RubyNinja

  • Race: Protoss Protoss
  • League: Master

Highdra

  • Race: Protoss Protoss

Hexe

  • Race: Protoss Protoss

Alexandria

  • Race: Protoss Protoss

SoPro

  • Race: Protoss Protoss
  • Spawn Location: 1:00

kylos

  • Race: Protoss Protoss
  • League: Master
  • Spawn Location: 7:00

VOD

Have the link to the VOD?

Description

Time

  • Played on: Sept. 3, 2023, 7:39 a.m.
  • Length: 9:39
Show
View Real Time Build Order
Export as new Build Order

IIIIIIIIIIII Protoss 

Build Orders:  

Get SALT Encoding   

Show
View Real Time Build Order
Export as new Build Order

RubyNinja Protoss 

Build Orders:  

Get SALT Encoding   

Show
View Real Time Build Order
Export as new Build Order

Highdra Protoss 

Build Orders:  

Get SALT Encoding   

Show
View Real Time Build Order
Export as new Build Order

Hexe Protoss 

Build Orders:  

Get SALT Encoding   

Show
View Real Time Build Order
Export as new Build Order

Alexandria Protoss 

Build Orders:  

Get SALT Encoding   

Show
View Real Time Build Order
Export as new Build Order

SoPro Protoss 

Build Orders:  

Get SALT Encoding   

  12  0:00  Probe  
  13  0:12  Probe  
  14  0:17  Pylon  
  14  0:23  Probe  
  15  0:31  Probe  
  15  0:38  Gateway  
  15  0:40  Probe  
  16  0:45  Assimilator  
  17  0:51  Probe  
  17  0:54  Assimilator  
  18  1:01  Probe  
  19  1:08  Gateway  
  19  1:09  Probe  
  19  1:17  Probe  
  21  1:26  Cybernetics Core  
  21  1:30  Probe  
  22  1:37  Pylon  
  22  1:42  Probe  
  23  1:53  Warp Gate  
  23  1:55  Probe  
  24  2:03  Stalker x2  
  24  2:07  Probe  
  29  2:13  Pylon  
  29  2:33  Stalker x2  
  33  2:59  Shield Battery  
  33  3:06  Nexus  
  33  3:07  Probe  
  33  3:09  Sentry  
  36  3:15  Shield Battery  
  36  3:21  Probe  
  37  3:27  Twilight Council  
  37  3:29  Pylon  
  37  3:33  Probe  
  38  3:44  Probe  
  38  3:47  Stalker  
  39  3:48  Stalker  
  39  3:52  Probe  
  41  4:00  Probe  
  42  4:04  Blink  
  43  4:11  Probe  
  44  4:23  Probe  
  44  4:24  Probe  
  46  4:30  Adept  
  46  4:31  Adept  
  50  4:32  Probe  
  50  4:36  Probe  
  52  4:40  Probe  
  53  4:48  Probe  
  53  4:49  Probe  
  55  4:54  Stalker x2  
  55  4:57  Gateway  
  55  4:59  Robotics Facility  
  58  5:00  Probe  
  58  5:01  Probe  
  60  5:09  Pylon  
  60  5:12  Pylon  
  59  5:16  Probe x2  
  61  5:29  Nexus  
  61  5:33  Stalker  
  61  5:34  Stalker  
  65  5:39  Probe  
  65  5:40  Probe  
  65  5:41  Observer  
  65  5:42  Shield Battery  
  67  5:44  Pylon  
  68  5:53  Immortal, Probe x2  
  70  5:57  Shield Battery  
  70  6:06  Stalker  
  70  6:07  Stalker x2  
  70  6:08  Probe  
  77  6:13  Probe  
  78  6:21  Probe  
  78  6:25  Probe  
  78  6:29  Stalker  
  80  6:33  Probe  
  80  6:35  Charge  
  80  6:37  Probe  
  80  6:38  Gateway, Observer  
  80  6:39  Gateway  
  82  6:41  Gateway  
  82  6:45  Gateway  
  83  6:48  Probe x2  
  85  6:56  Gateway  
  85  6:58  Pylon  
  85  7:01  Warp Prism, Probe x3  
  87  7:13  Probe  
  87  7:14  Sentry x2  
  94  7:16  Zealot  
  96  7:34  Stalker  
  96  7:35  Adept  
  100  7:41  Adept  
  102  7:45  Adept  
  102  7:46  Adept  
  106  7:51  Stalker  
  106  7:54  Pylon  
  106  7:55  Pylon  
  106  7:57  Pylon  
  108  7:59  Pylon  
  108  8:00  Pylon  
  112  8:13  Immortal  
  112  8:14  Zealot  
  112  8:15  Zealot x7  
  103  8:42  Stalker x2  
  103  8:43  Zealot x2, Stalker x3  
  103  8:44  Zealot  
  81  9:10  Zealot x3, Stalker  
  81  9:11  Zealot, Stalker  
Show
View Real Time Build Order
Export as new Build Order

kylos Protoss 

Build Orders: Oracle Opening 

Get SALT Encoding   

  12  0:00  Probe  
  13  0:12  Probe  
  14  0:17  Pylon  
  14  0:24  Probe  
  15  0:36  Gateway, Probe (Chrono Boost)  
  16  0:46  Assimilator, Probe (Chrono Boost)  
  17  0:51  Probe (Chrono Boost)  
  17  0:55  Assimilator  
  18  1:03  Probe (Chrono Boost)  
  19  1:08  Gateway  
  19  1:15  Probe (Chrono Boost)  
  20  1:22  Probe (Chrono Boost)  
  20  1:24  Cybernetics Core  
  21  1:29  Probe  
  22  1:36  Pylon  
  22  1:42  Probe  
  23  1:54  Probe  
  23  2:00  Adept  
  23  2:01  Adept, Warp Gate  
  29  2:08  Probe  
  29  2:13  Pylon  
  29  2:30  Stalker  
  29  2:31  Stalker  
  29  2:36  Stargate  
  33  3:03  Stalker x2  
  37  3:09  Shield Battery  
  37  3:12  Shield Battery  
  37  3:16  Pylon  
  37  3:19  Oracle  
  37  3:27  Pylon  
  39  3:45  Nexus  
  39  3:46  Oracle  
  36  3:48  Probe  
  38  4:07  Shield Battery  
  38  4:14  Probe  
  39  4:18  Stalker  
  39  4:19  Stalker  
  43  4:31  Probe  
  44  4:38  Twilight Council  
  44  4:43  Probe  
  44  4:45  Stalker  
  47  4:59  Probe x2  
  49  5:03  Blink (Chrono Boost)  
  49  5:04  Stalker  
  51  5:12  Forge  
  51  5:13  Probe x2  
  53  5:25  Probe (Chrono Boost)  
  54  5:29  Probe (Chrono Boost)  
  54  5:35  Protoss Ground Weapons Level 1  
  55  5:37  Probe (Chrono Boost)  
  56  5:48  Probe x2 (Chrono Boost)  
  58  5:50  Stalker  
  58  5:51  Stalker  
  62  5:58  Probe  
  62  6:03  Probe  
  63  6:07  Nexus  
  63  6:08  Pylon  
  63  6:10  Probe  
  64  6:15  Gateway  
  64  6:19  Stalker  
  64  6:24  Stalker  
  68  6:31  Assimilator, Probe x2  
  67  6:38  Shield Battery  
  67  6:43  Probe  
  67  6:44  Stalker, Probe  
  71  6:51  Gateway  
  71  6:55  Probe  
  71  6:56  Probe  
  73  7:04  Charge  
  73  7:05  Stalker  
  73  7:07  Probe  
  73  7:08  Probe  
  74  7:10  Stalker x2  
  78  7:16  Pylon  
  78  7:18  Assimilator  
  78  7:19  Probe  
  78  7:20  Pylon  
  78  7:21  Oracle  
  78  7:22  Probe  
  79  7:25  Probe  
  81  7:30  Probe  
  81  7:31  Probe  
  81  7:34  Adept  
  88  7:37  Probe  
  88  7:40  Probe  
  88  7:43  Probe  
  91  7:48  Robotics Facility  
  91  7:49  Probe  
  92  7:52  Probe  
  92  7:55  Probe  
  94  8:02  Probe  
  94  8:04  Nexus, Probe  
  96  8:07  Pylon, Stalker  
  96  8:08  Probe  
  99  8:13  Pylon  
  99  8:21  Stalker x3  
  93  8:36  Stalker  
  93  8:40  Immortal (Chrono Boost)  
  76  8:45  Stalker  
  76  8:46  Shield Battery  
  75  8:52  Stalker  
  67  8:58  Stalker  
  67  9:02  Stalker  
  61  9:08  Stalker  
  32  9:24  Stalker  
Tags
 
Add a new tag
Caveats
  • Supply blocks, unpowered buildings, or Contaminate may cause inaccurate times.
  • Supply counts are checked every 10 seconds.